 Dungeon Crawl Stone Soup version 0.29-a0-344-ge2f44be95a (webtiles) character file.

Game seed: 15394271912747319581

98 Shayle the Sneak (level 4, -1/42 HPs)
             Began as a Tengu Brigand on Apr 21, 2022.
             Slain by a goblin
             ... wielding a +0 club
              (2 damage)
             ... on level 3 of the Dungeon.
             The game lasted 00:04:28 (1814 turns).

Shayle the Sneak (Tengu Brigand)                    Turns: 1814, Time: 00:04:29

Health: -1/42      AC: 22    Str: 11    XL:     4   Next: 71%
Magic:  5/5        EV:  2    Int: 14    God:
Gold:   30         SH:  0    Dex: 15    Spells: 3/3 levels left

rFire   . . .      SeeInvis .   g - +1 dagger (speed)
rCold   . . .      Faith    .   (no shield)
rNeg    . . .      Spirit   .   (body armour currently unavailable)
rPois   +          Reflect  .   (helmet currently unavailable)
rElec   .          Harm     .   (cloak currently unavailable)
rCorr   .          Rampage  .   (gloves currently unavailable)
Will    .....      NoTele   +   (boots unavailable)
Stlth   +++.......              (no amulet)
HPRegen 0.14/turn               (no ring)
MPRegen 0.09/turn               (no ring)

@: brilliant, lethally poisoned (-1 -> -5), tree-form, hasted, very quick
A: stationary, stasis, torment immunity, boosted hp, (beak), (talons 3)
a: no special abilities


You were on level 3 of the Dungeon.
You were a tree.
You visited 1 branch of the dungeon, and saw 3 of its levels.

You collected 49 gold pieces.
You spent 19 gold pieces at shops.

Inventory:

Hand Weapons
 a - a +2 dagger
 g - a +1 dagger of speed (weapon)
 i - a +0 spear of flaming
Missiles
 d - 9 poisoned darts (quivered)
 e - 3 curare-tipped darts
Armour
 b - a +0 robe
 c - a +0 cloak (melded)
 f - a +0 chain mail (melded)
 n - a +0 pair of gloves (melded)
Jewellery
 p - a +6 ring of dexterity
 w - a +6 ring of intelligence
Scrolls
 h - a scroll of torment {unknown}
 j - a scroll of enchant weapon {unknown}
 m - 3 scrolls of identify {unknown}
 o - a scroll of teleportation {unknown}
 r - a scroll of enchant armour {unknown}
 s - a scroll of silence {unknown}
 u - a scroll of fear {unknown}
 v - a scroll of vulnerability {unknown}


   Skills:
 + Level 3.1 Fighting
 - Level 2.1 Short Blades
 - Level 2.0 Throwing
 + Level 2.8 Dodging
 + Level 4.9 Stealth


You had 3 spell levels left.
You didn't know any spells.
Your spell library was empty.

Dungeon Overview and Level Annotations

Branches:
Dungeon (3/15)

Altars:

Shops:
D:1 *


Innate Abilities, Weirdness & Mutations

You are a tree.
Your roots penetrate the ground, keeping you stationary.
You cannot be teleported.
You are immune to unholy pain and torment.
Your maximum health is greatly increased.
Your equipment is partially melded.
((You have a beak for a mouth.))
((You have claws for feet.))


Message History

You feel very sick.
You hit the kobold. You claw the kobold.
You kill the kobold!
* * * LOW HITPOINT WARNING * * *
You feel very sick.
It was a potion of haste.
You feel yourself speed up.
* * * LOW HITPOINT WARNING * * *
You feel very sick. The goblin hits you but does no damage.
It was a potion of brilliance.
You feel clever all of a sudden.
* * * LOW HITPOINT WARNING * * *
You feel sick. The goblin hits you but does no damage.
It was a potion of lignification.
You turn into a tree.
Your +0 cloak melds into your body.
Your +0 pair of gloves melds into your body.
Your +0 chain mail melds into your body.
Your roots penetrate the ground.
* * * LOW HITPOINT WARNING * * *
You feel sick. The goblin hits you but does no damage.
It was a potion of magic.
Magic courses through your body.
* * * LOW HITPOINT WARNING * * *
You feel sick. The dart slug launches a dart at you.
The slug dart hits you but does no damage.
Okay, then.
You hit the goblin but do no damage.
* * * LOW HITPOINT WARNING * * *
You feel sick. The goblin hits you but does no damage.
You closely miss the goblin.
* * * LOW HITPOINT WARNING * * *
You feel sick.
You hit the goblin.
The goblin is severely wounded.
Unknown command.
You hit the dart slug.
The dart slug is moderately wounded.
* * * LOW HITPOINT WARNING * * *
You feel sick. The goblin hits you with a +0 club.
You die...

#. #..........#
♣..# #........#
♣..##........##
♣.#....<.....#
♣....).).....##
♣.♣.............
♣........>..##
♣...g.......#
♣.)♣.......##
♣...w......##
♣.....#######
#.....# #......
.......#
###.....#
####...


You could see a dart slug and a goblin.

Vanquished Creatures
  A gnoll (D:1)
  3 adders (D:2)
  4 dart slugs
  5 bats
  3 endoplasms
  3 goblins
  9 hobgoblins
  3 quokkas
  6 ball pythons
  5 frilled lizards
  6 kobolds
  6 rats
54 creatures vanquished.

Notes
Turn   | Place    | Note
-------+----------+-------------------------------------------
     0 | D:1      | Shayle the Tengu Brigand began the quest for the Orb.
     0 | D:1      | Reached XP level 1. HP: 12/12 MP: 2/2
    69 | D:1      | Reached XP level 2. HP: 16/17 MP: 3/3
   412 | D:1      | Found Fagiuf Hysu's Assorted Antiques.
   433 | D:1      | Bought a scroll labelled HAGIGE ACHIY for 19 gold pieces
   674 | D:1      | Reached XP level 3. HP: 22/22 MP: 4/4
  1341 | D:2      | Reached XP level 4. HP: 22/27 MP: 5/5
  1812 | D:3      | HP: 2/42 [poisoned by a kobold]
  1814 | D:3      | Slain by a goblin

Illustrated notes

Levels and vault maps discovered:
D:1:      dpeg_arrival_pond, layout_basic, serial_shops, shop
D:2:      layout_loops_ring, skrybe_limestone_x
D:3:      layout_rooms, demons_altar, nicolae_yredelemnul_corpse_copse,
          uniq_ijyb

Skill      XL: |  1  2  3  4 |
---------------+-------------+-----
Dodging        | 2 |  2.8
Fighting       | 3 |  3.1
Short Blades   | |  2.1
Throwing       | |  2.0
Stealth        | |  4.9

Action                   |  1- 3 |  4- 6 || total
-------------------------+-------+-------++-------
Melee: Dagger            |   105 |    33 ||   138
       Kick              |    36 |    11 ||    47
       Peck              |    15 |     5 ||    20
  Use: Potion            |       |     4 ||     4
 Stab: Sleeping          |     1 |       ||     1
Armor: Chain mail        |    58 |    19 ||    77
       Robe              |     1 |       ||     1
       Skin              |       |     3 ||     3
Dodge: Dodged            |    35 |     1 ||    36

Table legend: (Time is in decaauts)
 A = Elapsed time spent in this place.
 B = Non-inter-level travel time spent in this place.
 C = Inter-level travel time spent in this place.
 D = Time resting spent in this place.
 E = Time spent auto-exploring this place.
 F = Levels seen in this place.
 G = Mean time per level.
                   A        B        C        D        E       F      G
               +--------+--------+--------+--------+--------+-----+--------+
         Total |   1760 |   1723 |     37 |    145 |   1173 |   3 |  586.7 |
       Dungeon |   1760 |   1723 |     37 |    145 |   1173 |   3 |  586.7 |
               +--------+--------+--------+--------+--------+-----+--------+

Top non-repeatable levels by time:
     D:1: 1039 daAuts
     D:2: 707 daAuts
     D:3: 13 daAuts
